 Dungeon Sprint DCSS version 0.19-a0-805-g0a78ef0 (webtiles) character file.

4329 Mood the Grappler (level 10, -2/111 HPs)
             Began as a Troll Monk on June 27, 2016.
             Was the Champion of Makhleb.
             Slain by a giant leech (27 damage)
             ... in the Dungeon (Sprint IX: "|||||||||||||||||||||||||||||").
             The game lasted 00:02:12 (957 turns).

Mood the Grappler (Troll Monk)                       Turns: 957, Time: 00:02:13

Health: -2/111     AC:  5    Str: 24    XL:     10   Next: 12%
Magic:  15/16      EV: 17    Int:  9    God:    Makhleb [******]
Gold:   0          SH:  0    Dex: 15    Spells: 0 memorised, 9 levels left

rFire  . . .     SeeInvis .       - Unarmed
rCold  . . .     Gourm    +     a - +0 robe
rNeg   . . .     Faith    .     (no shield)
rPois  .         Spirit   .     (helmet restricted)
rElec  .         Dismiss  .     (no cloak)
rCorr  .         Reflect  .     (gloves unavailable)
SustAt .         Harm     .     (boots unavailable)
MR     .....     NoTele   +     (no amulet)
Stlth  ++........               n - +3 ring of strength
                                m - +3 ring of intelligence

@: not resistant to hostile enchantments, unstealthy
A: unfitting armour, claws 3, fast metabolism 3, gourmand, regeneration 2,
shaggy fur 1, tough skin 2
a: Minor Destruction, Lesser Servant of Makhleb, Major Destruction, Greater
Servant of Makhleb, Renounce Religion


You were in the Dungeon.
You worshipped Makhleb.
Makhleb was exalted by your worship.
You were completely stuffed.

You visited 1 branch

Inventory:

Armour
 a - a +0 robe (worn)
Jewellery
 m - a +3 ring of intelligence (left claw)
 n - a +3 ring of strength (right claw)
Wands
 l - a wand of acid (3/15)
Scrolls
 h - 2 scrolls of blinking
 j - 4 scrolls of remove curse
 k - 2 scrolls of amnesia
 r - 2 scrolls of recharging
 s - 2 scrolls of enchant weapon
 t - a scroll of fear
Potions
 c - 6 potions of curing
 d - 3 potions of heal wounds
 e - 2 potions of haste
 f - 4 potions of magic
 g - 3 potions of berserk rage
 i - a potion of invisibility
 o - a potion of brilliance
 p - a potion of cure mutation
Comestibles
 b - 2 bread rations
 q - 2 fruits
 u - 6 chunks of flesh


   Skills:
 + Level 10.8 Fighting
 + Level 10.7 Dodging
 - Level 1.1 Stealth
 + Level 12.9 Unarmed Combat
 * Level 9.4 Invocations


You had 9 spell levels left.
You didn't know any spells.

Dungeon Overview and Level Annotations

Branches:
Dungeon (1/1)

Altars:
Cheibriados
Dithmenos
Elyvilon
Fedhas
Gozag
Hepliaklqana
Kikubaaqudgha
Makhleb
Nemelex Xobeh
Okawaru
Pakellas
Qazlal
Ru
Sif Muna
Trog
Uskayaw
Vehumet
Xom
Yredelemnul
Zin
The Shining One
Beogh
Jiyva
Lugonu


Innate Abilities, Weirdness & Mutations

You are too large for most types of armour.
You have claws for hands.
Your metabolism is lightning-fast.
You like to eat raw meat.
You heal very quickly.
You are covered in fur. (AC +1)
You have very tough skin. (AC +2)


Message History

You scratch the giant leech but do no damage.
The giant leech is moderately wounded.
Press: ? - help, Shift-Dir - straight line, f - giant leech
Aim: a giant leech (moderately wounded)
The iron shot misses the giant leech.
The iron shot hits the lindwurm.
The lindwurm is heavily wounded.
The giant leech barely misses you.
Unknown command.
Evoke which item? (* to show all) (? for menu, Esc to quit)
Okay, then.
Press: ? - help, Shift-Dir - straight line, f/p - giant leech
Aim: a giant leech (moderately wounded)
The fireball explodes!
The fireball engulfs the giant leech.
The giant leech is heavily wounded.
The fireball engulfs you!
* * * LOW HITPOINT WARNING * * *
The fireball engulfs the lindwurm.
The lindwurm is severely wounded.
The giant leech bites you!!
You die...

▓.▓.▓_▓
▓.▓.▓_▓
▓.▓.▓_▓
▓.▓.▓_▓
▓.▓.▓_▓
▓.▓.▓_▓
▓.▓.▓_▓
▓.▓.▓_▓
▓@▓.▓'▓
▓w▓.▓.▓
▓k▓.▓.▓
▓w▓.▓|▓
▓w▓.▓)▓
▓.▓.▓[▓
▓w▓.▓[▓
▓.▓.▓[▓
▓.▓.▓


You could see 3 giant leeches, a lindwurm and a worm.

Vanquished Creatures
  A lindwurm (D)
  A hill giant (D)
  An elephant (D)
  3 spiny frogs (D)
  A komodo dragon (D)
  A two-headed ogre (D)
  2 blink frogs (D)
  2 hippogriffs (D)
  2 water moccasins (D)
  A porcupine (D)
  An ice beast (D)
  A black bear (D)
  An orc warrior (D)
  A crocodile (D)
  2 centaurs (D)
  2 giant frogs (D)
  A gnoll sergeant (D)
  A scorpion (D)
  A wight (D)
  An iguana (D)
  2 worker ants (D)
  A river rat (D)
  2 worms (D)
  A giant gecko (D)
  An orc (D)
  A bat skeleton (D)
  A giant cockroach (D)
  A goblin (D)
  A hobgoblin (D)
  A bat (D)
  A jackal skeleton (D)
  A quokka skeleton (D)
  2 rats (D)
43 creatures vanquished.

Notes
Turn   | Place    | Note
--------------------------------------------------------------
     0 | D        | Mood the Troll Monk began the quest for the Orb.
     0 | D        | Reached XP level 1. HP: 22/22 MP: 0/0
    19 | D        | Noticed a scorpion
    20 | D        | Reached skill level 4 in Unarmed Combat
    30 | D        | Reached XP level 2. HP: 25/29 MP: 1/1
    35 | D        | Killed a scorpion
    35 | D        | Reached skill level 6 in Unarmed Combat
    35 | D        | Reached XP level 3. HP: 29/39 MP: 2/2
    41 | D        | Found a glowing silver altar of Zin.
    41 | D        | Found a glowing golden altar of the Shining One.
    41 | D        | Found an ancient bone altar of Kikubaaqudgha.
    41 | D        | Found a basalt altar of Yredelemnul.
    41 | D        | Found a shimmering altar of Xom.
    41 | D        | Found a radiant altar of Vehumet.
    42 | D        | Found an iron altar of Okawaru.
    43 | D        | Found a burning altar of Makhleb.
    44 | D        | Found a deep blue altar of Sif Muna.
    45 | D        | Found a bloodstained altar of Trog.
    46 | D        | Found a sparkling altar of Nemelex Xobeh.
    47 | D        | Found a white marble altar of Elyvilon.
    48 | D        | Found a roughly hewn altar of Beogh.
    49 | D        | Found a viscous altar of Jiyva.
    50 | D        | Found a corrupted altar of Lugonu.
    51 | D        | Found a blossoming altar of Fedhas.
    52 | D        | Found a snail-covered altar of Cheibriados.
    57 | D        | Became a worshipper of Makhleb the Destroyer
    57 | D        | Reached * piety under Makhleb
    57 | D        | Reached ** piety under Makhleb
    60 | D        | Found a shadowy altar of Dithmenos.
    62 | D        | Found a stormy altar of Qazlal.
    63 | D        | Found an opulent altar of Gozag.
    64 | D        | Found a sacrificial altar of Ru.
    65 | D        | Found an oddly glowing altar of Pakellas.
    66 | D        | Found a hide-covered altar of Uskayaw.
    67 | D        | Found a hazy altar of Hepliaklqana.
    93 | D        | Noticed a centaur
    93 | D        | Noticed a centaur
    93 | D        | Noticed a gnoll sergeant
    93 | D        | Noticed an ice beast
    97 | D        | Killed a centaur
    97 | D        | Reached XP level 4. HP: 41/49 MP: 2/4
    99 | D        | Killed a centaur
    99 | D        | Reached skill level 5 in Fighting
    99 | D        | Reached skill level 5 in Dodging
    99 | D        | Reached skill level 7 in Unarmed Combat
    99 | D        | Reached XP level 5. HP: 50/58 MP: 2/6
   104 | D        | Reached *** piety under Makhleb
   104 | D        | Reached XP level 6. HP: 55/67 MP: 2/7
   111 | D        | Killed an ice beast
   111 | D        | Reached skill level 8 in Unarmed Combat
   163 | D        | Noticed an orc warrior
   163 | D        | Noticed a hill giant
   163 | D        | Noticed a two-headed ogre
   168 | D        | Killed a hill giant
   168 | D        | Reached **** piety under Makhleb
   168 | D        | Reached skill level 9 in Unarmed Combat
   168 | D        | Reached XP level 7. HP: 28/79 MP: 8/10
   175 | D        | Reached skill level 10 in Unarmed Combat
   178 | D        | Killed a two-headed ogre
   178 | D        | Reached XP level 8. HP: 37/89 MP: 9/11
   181 | D        | Reached ***** piety under Makhleb
   473 | D        | Noticed a spiny frog
   481 | D        | Noticed a spiny frog
   492 | D        | Killed a spiny frog
   492 | D        | Reached ****** piety under Makhleb
   492 | D        | Reached skill level 11 in Unarmed Combat
   497 | D        | Reached XP level 9. HP: 94/100 MP: 13/13
   499 | D        | Killed a spiny frog
   772 | D        | Noticed a komodo dragon
   772 | D        | Noticed a spiny frog
   772 | D        | Noticed an elephant
   776 | D        | Killed a komodo dragon
   777 | D        | Reached skill level 10 in Fighting
   777 | D        | Reached skill level 12 in Unarmed Combat
   783 | D        | Killed a spiny frog
   783 | D        | Reached skill level 10 in Dodging
   793 | D        | Killed an elephant
   946 | D        | Noticed a lindwurm
   946 | D        | Noticed a giant leech
   946 | D        | Noticed a lindwurm
   947 | D        | Noticed a giant leech
   951 | D        | Noticed a giant leech
   951 | D        | Killed a lindwurm
   951 | D        | Reached XP level 10. HP: 43/111 MP: 14/16
   957 | D        | Slain by a giant leech

Vault maps used:
D:        linesprint

Skill      XL: |  1  2  3  4  5  6  7  8  9 |
---------------+----------------------------+-----
Unarmed Combat | 4 6 7 9 10 11 12 | 12.9
Fighting       | 3 4 5 7 8 9 10 | 10.8
Dodging        | 3 4 5 7 8 9 10 | 10.7
Invocations    | 2 3 6 7 9 |  9.4
Stealth        | |  1.1

Action                   |  1- 3 |  4- 6 |  7- 9 | 10-12 || total
-------------------------+-------+-------+-------+-------++-------
Melee: Unarmed           |    27 |    21 |    78 |     2 ||   128
       Punch             |     1 |       |    10 |       ||    11
Invok: Major Destruction |       |       |       |     2 ||     2
Evoke: Wand              |       |       |     2 |     2 ||     4
  Eat: Chunk             |       |       |    14 |       ||    14
Armor: Robe              |     7 |     4 |     9 |       ||    20
Dodge: Dodged            |     6 |     3 |    37 |     1 ||    47
